 Dungeon Crawl Stone Soup version 0.20-a0-1025-g4706f7e (webtiles) character file.

2 Gorglomux the Insei (level 1, 0/15 HPs)
             Began as a Demigod Transmuter on Apr 19, 2017.
             Slain by a jackal (1 damage)
             ... on level 1 of the Dungeon.
             The game lasted 00:00:20 (113 turns).

Gorglomux the Insei (Demigod Transmuter)             Turns: 113, Time: 00:00:20

Health: 0/15       AC:  2    Str: 13    XL:     1   Next: 26%
Magic:  4/5        EV: 12    Int: 17    God:
Gold:   9          SH:  0    Dex: 16    Spells: 2/3 levels left

rFire    . . .     SeeInvis .     - Unarmed
rCold    . . .     Gourm    .   (no shield)
rNeg     . . .     Faith    .   b - +0 robe
rPois    .         Spirit   .   (no helmet)
rElec    .         Reflect  .   (no cloak)
rCorr    .         Harm     .   (no gloves)
MR       .....                  (boots currently unavailable)
Stlth    +.........             (no amulet)
Regen    0.1/turn               (no ring)
MPRegen  0.1/turn               (no ring)

@: appendage (expiring)
A: talons 3, high mp 1
a: End Transformation


You were on level 1 of the Dungeon.
You were not hungry.
You had grown temporary talons.
You visited 1 branch of the dungeon, and saw 1 of its levels.

You collected 9 gold pieces.

Inventory:

Hand Weapons
 f - a cursed -3 dagger
   (You found it on level 1 of the Dungeon)
Missiles
 a - 12 arrows
Armour
 b - a +0 robe (worn)
Scrolls
 g - a scroll of blinking {unknown}
Potions
 e - a potion of magic {unknown}
Books
 c - a book of Changes
Comestibles
 d - a bread ration {@e1@e1}


   Skills:
 - Level 0.8 Fighting
 - Level 1.7 Dodging
 + Level 2.9 Unarmed Combat
 - Level 1.7 Spellcasting
 - Level 1.7 Transmutations


You had 2 spell levels left.
You knew the following spells:

 Your Spells              Type           Power        Failure   Level  Hunger
a - Beastly Appendage     Tmut           #.....       10%         1    #......


Dungeon Overview and Level Annotations

Branches:
Dungeon (1/15)


Innate Abilities, Weirdness & Mutations

You have an increased reservoir of magic. (+10% MP)
You have claws for feet.


Message History

Welcome, Gorglomux the Demigod Transmuter.
Will you prevail where others failed? Will you find the Orb of Zot?
Found a metallic orange potion and 9 gold pieces.
Found a staircase leading out of the dungeon.
You now have 9 gold pieces.
e - a metallic orange potion You open the door.
There is an open door here.
f - a dagger A hobgoblin comes into view.
It is wielding a club.
A hobgoblin is nearby!
A hobgoblin is nearby!
Your feet morph into talons.
You now have 4/5 mp.
The hobgoblin shouts!
The hobgoblin barely misses you.
You hit the hobgoblin.
You kill the hobgoblin!
No target in view!
No target in view!
No target in view!
g - a club Your transformation is almost over.
Drop what? 7/52 slots (_ for help) (? for menu, Esc to quit)
You drop a club.
g - a scroll labeled KOUFON FELIPH Your talons disappear.
A jackal comes into view.
MP restored: 5 A jackal is nearby!
A jackal is nearby!
A jackal comes into view.
Your feet morph into talons.
You now have 4/5 mp.
A giant cockroach comes into view.
You hit the jackal.
You kill the jackal!
The giant cockroach waves its antennae.
You see here a scroll labeled FAVUTU SAZ KETH.
The helpless jackal fails to defend itself.
You hit the jackal but do no damage. Your kick misses the jackal.
The jackal misses you. The jackal bites you.
You take 1 damage, and have 14/15 hp.
You hit the jackal. The giant cockroach misses you.
The jackal bites you but does no damage.
The giant cockroach bites you.
You take 1 damage, and have 13/15 hp.
The giant cockroach bites you but does no damage.
You barely miss the jackal. You claw the jackal. The jackal misses you.
The giant cockroach bites you but does no damage.
The jackal closely misses you.
You closely miss the jackal. The giant cockroach barely misses you.
The jackal bites you.
You take 1 damage, and have 12/15 hp.
You barely miss the jackal.
Your talons disappear.
The jackal closely misses you. The giant cockroach misses you.
MP restored: 5 You closely miss the jackal.
The jackal closely misses you.
The giant cockroach bites you but does no damage.
The jackal completely misses you.
You barely miss the jackal.
The giant cockroach bites you but does no damage.
The jackal closely misses you.
You hit the jackal but do no damage. The giant cockroach bites you.
The jackal closely misses you.
You take 1 damage, and have 11/15 hp.
You miss the jackal. The giant cockroach barely misses you.
The jackal barely misses you. The giant cockroach misses you.
You hit the giant cockroach. The jackal bites you. x2
The giant cockroach bites you.
You take 5 damage, and have 6/15 hp.
MASSIVE DAMAGE!!
The jackal misses you. The giant cockroach barely misses you.
The jackal completely misses you. The jackal bites you.
You take 1 damage, and have 5/15 hp.
Your feet morph into talons.
The jackal bites you.
* * * LOW HITPOINT WARNING * * *
You take 2 damage, and have 3/15 hp.
You now have 4/5 mp.
You hit the jackal. The jackal misses you. The jackal closely misses you.
You barely miss the jackal. You claw the jackal, but do no damage.
The jackal misses you.
Unknown command.
You closely miss the jackal. The jackal barely misses you.
You barely miss the jackal. Your kick misses the jackal. The jackal bites you.
* * * LOW HITPOINT WARNING * * *
You take 2 damage, and have 1/15 hp.
You hit the jackal.
Your transformation is almost over.
The jackal closely misses you. The jackal bites you.
You die...

#####.....#####..# ##...##
##.# #...# #.# #...# #.# ..
#...# #.# #.. ###.## #.####
#..# #.#+# #....## ## ##...##
#.#.# #.##..# ..##.....##
#@#.# #.###..
..........###h#.# #.# ###
...........##s#.### #.####
..................# #.##.#
..................######.#..##
.......................#.....#
.......?..........####.#..##..
..................##.....#####
..................#..#...# #


You could see a jackal and a giant cockroach.

Vanquished Creatures
  A hobgoblin (D:1)
  A jackal (D:1)
2 creatures vanquished.

Notes
Turn   | Place    | Note
-------+----------+-------------------------------------------
     0 | D:1      | Gorglomux the Demigod Transmuter began the quest for the Orb.
     0 | D:1      | Reached XP level 1. HP: 15/15 MP: 5/5
   108 | D:1      | HP: 3/15 [jackal (2)]
   112 | D:1      | HP: 1/15 [jackal (2)]
   113 | D:1      | Slain by a jackal

Vault maps used:
D:1:      evilmike_arrival_plus

Action                   || total
-------------------------++-------
Melee: Unarmed           ||    17
       Kick              ||     2
 Cast: Beastly Appendage ||     3
 Stab: Sleeping          ||     1
Armor: Robe              ||     5
Dodge: Dodged            ||    23

Vault maps used:
D:1:      evilmike_arrival_plus

Table legend:
 A = Turns spent in this place as a percentage of turns spent in the entire game.
 B = Non-inter-level travel turns spent in this place as a percentage of non-inter-level travel turns spent in the entire game.
 C = Inter-level travel turns spent in this place as a percentage of turns spent in this place.
 D = Turns resting spent in this place as a percentage of non-inter-level travel turns spent in this place.
 E = Turns spent auto-exploring this place as a percentage of non-inter-level travel turns spent in this place.
 F = Non-inter-level travel turns spent in this place divided by the number of levels of this place that you've seen.
                   A       B       C       D       E      F
               +-------+-------+-------+-------+-------+----------------------
         Total | 100.0 | 100.0 |   0.0 |   0.0 |  11.1 |  54.0
       Dungeon | 100.0 | 100.0 |   0.0 |   0.0 |  11.1 |  54.0
               +-------+-------+-------+-------+-------+----------------------

Table legend:
 A = Kills in this place as a percentage of kills in entire the game.
 B = Kills by you in this place as a percentage of kills by you in the entire game.
 C = Kills by friends in this place as a percentage of kills by friends in the entire game.
 D = Other kills in this place as a percentage of other kills in the entire game.
 E = Experience gained in this place as a percentage of experience gained in the entire game.
 F = Experience gained in this place divided by the number of levels of this place that you have seen.
                   A       B       C       D       E      F
               +-------+-------+-------+-------+-------+----------------------
         Total | 100.0 | 100.0 |  -nan |  -nan | 100.0 |   4.0
       Dungeon | 100.0 | 100.0 |  -nan |  -nan | 100.0 |   4.0
               +-------+-------+-------+-------+-------+----------------------
